 Dungeon Crawl Stone Soup version 0.31-a0-240-gb923e448b6 (webtiles) character file.

Game seed: 427106817020979181

1344 qw the Skirmisher (level 8, -1/68 HPs)
             Began as a Minotaur Hexslinger on July 11, 2023.
             Was a Follower of Okawaru.
             Slain by a human
             ... wielding a +0 mace
              (8 damage)
             ... on level 6 of the Dungeon.
             The game lasted 00:01:53 (5233 turns).

qw the Skirmisher (Minotaur Hexslinger)             Turns: 5233, Time: 00:01:53

Health: -1/68      AC:  9    Str: 14    XL:     8   Next: 36%
Magic:  5/9        EV: 13    Int: 10    God:    Okawaru [*.....]
Gold:   188        SH:  0    Dex: 14    Spells: 8/9 levels left

rFire   + . .        Y - +3 sling
rCold   . . .        (no shield)
rNeg    . . .        e - +0 ring mail
rPois   .            (helmet restricted)
rElec   .            (no cloak)
rCorr   .            i - +0 pair of gloves
SInv    .            g - +0 pair of boots
Will    .....        (no amulet)
Stlth   ++           k - ring of protection from fire
HPRegen 0.31/turn    (no ring)
MPRegen 0.11/turn

%: no passive effects
@: heroic
A: horns 2, retaliatory headbutt
a: Renounce Religion, Heroism


You were on level 6 of the Dungeon.
You worshipped Okawaru.
Okawaru was aware of your devotion.
You visited 1 branch of the dungeon, and saw 6 of its levels.

You collected 188 gold pieces.


Innate Abilities, Weirdness & Mutations

You have a pair of horns on your head.
You reflexively headbutt those who attack you in melee.


   Skills:
 + Level 5.3(10.3) Fighting
 - Level 9.1(14.1) Ranged Weapons
 - Level 2.9(7.9) Armour
 - Level 2.1(7.1) Dodging
 - Level 1.0 Spellcasting
 - Level 2.0 Hexes
 + Level 3.3 Invocations


You had 8 spell levels left.
You knew the following spells:

 Your Spells              Type           Power      Damage    Failure   Level
a - Slow                  Hex            16%        N/A       28%         1

Your spell library contained the following spells:

 Spells                   Type           Power      Damage    Failure   Level
 Inner Flame              Hex/Fire       2%         N/A       77%         3
 Portal Projectile        Hex/Tloc       4%         N/A       77%         3
 Cause Fear               Hex            2%         N/A       95%         4

Inventory:

Hand Weapons
 Y - a +3 sling (weapon)
Armour
 a - a scarf of harm
 e - a +0 ring mail (worn)
 g - a +0 pair of boots (worn)
 i - a +0 pair of gloves (worn)
Jewellery
 k - a ring of protection from fire (left hand)
Wands
 j - a wand of digging (4)
Scrolls
 c - a scroll of identify
Potions
 b - a potion of magic {unknown}
 d - a potion of might
 f - a potion of haste
 h - 3 potions of curing
 l - a potion of enlightenment
 m - a potion of mutation
 n - a potion of cancellation {unknown}
 o - a potion of invisibility {unknown}

Dungeon Overview and Level Annotations

Branches:
Dungeon (6/15)             Temple (0/1) D:6

Altars:
Ashenzari
Gozag
Kikubaaqudgha
Okawaru
Sif Muna
Vehumet
Yredelemnul
Zin
The Shining One

Shops:
D:1 !


Message History

The sling bullet closely misses the human.
The centaur shouts!
You shoot a sling bullet. The sling bullet hits the human!
The human is almost dead.
The human hits you with a +0 flail. The human hits you with a +0 mace.
You shoot a sling bullet. The sling bullet hits the human.
You kill the human!
Okawaru accepts your kill. The human hits you with a +0 mace.
Your base Ranged Weapons skill increases to level 9!
Your Invocations skill increases to level 3!
You shoot a sling bullet.
The sling bullet hits the human but does no damage.
The human closely misses you. The human hits you with a +0 mace.
You shoot a sling bullet.
The sling bullet closely misses the human.
The human misses you. You furiously retaliate!
You headbutt the human! The human misses you.
You shoot a sling bullet. The sling bullet hits the human.
The human is moderately wounded.
You shoot a sling bullet.
The sling bullet closely misses the human.
The human hits you but does no damage. The human barely misses you.
You shoot a sling bullet.
The sling bullet hits the human but does no damage.
The human is moderately wounded.
The human hits you with a +0 mace. The human barely misses you.
You shoot a sling bullet.
The sling bullet barely misses the human.
You feel like a meek peon again. The human hits you but does no damage.
The human misses you.
5231 ||| INVOKING Heroism.
You gain the combat prowess of a mighty hero.
The human hits you but does no damage. The human hits you with a +0 mace.
You shoot a sling bullet. The sling bullet hits the human.
The human is heavily wounded.
You shoot a sling bullet. The sling bullet hits the human.
The human is heavily wounded.
The human hits you with a +0 mace!
You die...

..>.##.)..##.#......#.#
#......## #.....####.# ..##.#
.. ....##.####.#
#))..#.##.#....#..##..########
.)#... .. ..##.##.##.#.......#
))#)##.##... #.##....#.......#
..)Yp...... #...##..........#
#...pp..... ###.###.#.......#
..###p...## #@# #.#.......#
..# ...# #pp#..#.....^.# .##
#... .c...##.......# . ..
.....###.####### # . ......#
##...... #...###. #...# .#


You could see 2 humans and a centaur.

Vanquished Creatures
  4 humans
  An ice beast (D:6)
  2 phantoms (D:5)
  Blork the orc (D:4)
  A howler monkey (D:6)
  A hound (D:4)
  An orc priest (D:3)
  2 iguanas (D:4)
  Ijyb (D:4)
  6 orc wizards
  8 adders
  2 ufetubi (D:4)
  A worm (D:2)
  A dart slug (D:1)
  10 orcs
  9 ball pythons
  A bat (D:1)
  6 endoplasms
  A giant cockroach (D:4)
  5 goblins
  7 hobgoblins
  7 jackals
  6 kobolds
  2 quokkas
  5 frilled lizards
  7 rats
98 creatures vanquished.

Notes
Turn   | Place    | Note
-------+----------+-------------------------------------------
     0 | D:1      | qw the Minotaur Hexslinger began the quest for the Orb.
     0 | D:1      | Reached XP level 1. HP: 16/16 MP: 1/1
     0 | D:1      | 0 ||| qw: Version: 0.3-a-52-g30416fa
     0 | D:1      | 0 ||| qw: Game counter: 6133
     0 | D:1      | 0 ||| qw: Melee chars always use a shield: true
     0 | D:1      | 0 ||| qw: God list: Okawaru
     0 | D:1      | 0 ||| qw: Allow faded altars: false
     0 | D:1      | 0 ||| qw: Do Orc after clearing Dungeon:15 true
     0 | D:1      | 0 ||| qw: Do second Lair branch before Depths: true
     0 | D:1      | 0 ||| qw: Lair rune preference: random
     0 | D:1      | 0 ||| qw: Goals: Normal
     0 | D:1      | 0 ||| PLANNING D:1-11
   134 | D:1      | Reached skill level 3 in Ranged Weapons
   148 | D:1      | Reached XP level 2. HP: 23/23 MP: 2/2
   180 | D:1      | Found Siohuzidd's Distillery.
   183 | D:1      | 183 ||| SHOPLISTING potion of curing (39 gold, have 0).
   183 | D:1      | 183 ||| SHOPLISTING potion of heal wounds (65 gold, have
                  | 0).
   606 | D:1      | 606 ||| UPGRADING to +0 ring mail.
   616 | D:1      | 616 ||| DROPPING +0 robe.
   617 | D:1      | 617 ||| UPGRADING to ring of protection from fire.
   618 | D:1      | 618 ||| READING scroll labelled SULYLO RACAFATT.
   622 | D:1      | 622 ||| READING scroll labelled LUSUCR QAJOZXU.
   623 | D:1      | 623 ||| DRINKING 3 metallic blue potions.
   624 | D:1      | 624 ||| DRINKING 2 amethyst potions.
   729 | D:1      | 729 ||| DROPPING scroll of poison.
   730 | D:1      | 730 ||| DROPPING 2 potions of attraction.
   731 | D:1      | 731 ||| DROPPING potion of berserk rage.
  1060 | D:2      | Reached XP level 3. HP: 29/29 MP: 3/3
  1440 | D:2      | Reached skill level 4 in Ranged Weapons
  1614 | D:2      | Found a faded altar of an unknown god.
  1618 | D:2      | 1618 ||| READING scroll labelled RECOFI KEHO.
  1619 | D:2      | 1619 ||| READING scroll labelled TIUCOYRHEL.
  1620 | D:2      | 1620 ||| READING scroll labelled QAFEGE MAPUAM.
  1621 | D:2      | 1621 ||| READING scroll labelled GUONKO ZAGU.
  1622 | D:2      | 1622 ||| READING scroll labelled ROYGRO KOFOETE.
  1623 | D:2      | 1623 ||| READING scroll labelled TUNUTY HUTURCHY.
  1624 | D:2      | 1624 ||| DRINKING 2 viscous black potions.
  1625 | D:2      | 1625 ||| DRINKING 2 bubbling blue potions.
  1626 | D:2      | 1626 ||| READING 2 scrolls of identify.
  1626 | D:2      | 1626 ||| IDENTIFYING metallic red potion
  1627 | D:2      | 1627 ||| DROPPING potion of degeneration.
  1655 | D:3      | Reached skill level 1 in Armour
  1692 | D:3      | Found a glowing silver altar of Zin.
  1852 | D:3      | Reached XP level 4. HP: 36/36 MP: 4/4
  2087 | D:3      | 2087 ||| READING scroll of enchant weapon.
  2087 | D:3      | 2087 ||| ENCHANTING +2 sling.
  2170 | D:3      | Found an opulent altar of Gozag.
  2181 | D:3      | HP: 7/36 [orc priest/nerve-wracking pain (6)]
  2360 | D:3      | Reached skill level 5 in Ranged Weapons
  2449 | D:3      | Found a glowing golden altar of the Shining One.
  2519 | D:3      | 2519 ||| UPGRADING to amulet of guardian spirit.
  2524 | D:3      | 2524 ||| DRINKING 2 viscous pink potions.
  2543 | D:3      | 2543 ||| DROPPING potion of lignification.
  2573 | D:4      | Reached XP level 5. HP: 17/42 MP: 2/5
  2716 | D:4      | Found a broken altar of Ashenzari.
  2722 | D:4      | Reached skill level 3 in Fighting
  2881 | D:4      | Noticed Ijyb
  2897 | D:4      | Killed Ijyb
  3115 | D:4      | Found a radiant altar of Vehumet.
  3125 | D:4      | Reached skill level 6 in Ranged Weapons
  3145 | D:4      | Found an ancient bone altar of Kikubaaqudgha.
  3155 | D:4      | Reached XP level 6. HP: 46/51 MP: 6/6
  3178 | D:4      | Found a shimmering blue altar of Sif Muna.
  3296 | D:4      | Found an iron altar of Okawaru.
  3297 | D:4      | 3297 ||| PLANNING OKAWARU WORSHIP
  3442 | D:4      | 3442 ||| UPGRADING to +0 pair of boots.
  3447 | D:4      | 3447 ||| UPGRADING to +0 pair of gloves.
  3452 | D:4      | 3452 ||| READING scroll labelled ZOUV HEYNINULE.
  3453 | D:4      | 3453 ||| READING scroll labelled TOTTIC REURAILEVE.
  3454 | D:4      | 3454 ||| DRINKING 2 puce potions.
  3455 | D:4      | 3455 ||| READING 3 scrolls of identify.
  3455 | D:4      | 3455 ||| IDENTIFYING dark potion
  3456 | D:4      | 3456 ||| READING 2 scrolls of identify.
  3456 | D:4      | 3456 ||| IDENTIFYING bubbling inky potion
  3457 | D:4      | 3457 ||| DROPPING potion of ambrosia.
  3509 | D:4      | Became a worshipper of Warmaster Okawaru
  3510 | D:4      | 3510 ||| PLANNING D:1-11
  3510 | D:4      | 3510 ||| REMOVING amulet of guardian spirit.
  3605 | D:4      | Noticed Blork the orc
  3618 | D:4      | Killed Blork the orc
  3940 | D:4      | 3940 ||| DROPPING amulet of guardian spirit.
  3941 | D:4      | 3941 ||| READING 2 scrolls of identify.
  3941 | D:4      | 3941 ||| IDENTIFYING fuming white potion
  3975 | D:5      | Entered Level 5 of the Dungeon
  4008 | D:5      | Reached skill level 7 in Ranged Weapons
  4247 | D:5      | Reached * piety under Okawaru
  4248 | D:5      | Reached XP level 7. HP: 51/59 MP: 7/7
  4347 | D:5      | Found a basalt altar of Yredelemnul.
  4527 | D:6      | Found a staircase to the Ecumenical Temple.
  4537 | D:6      | 4537 ||| Stepping ~*~*~tactically~*~*~ (outnumbered).
  4550 | D:6      | 4550 ||| INVOKING Heroism.
  4560 | D:6      | Reached skill level 1 in Invocations
  4563 | D:6      | 4563 ||| INVOKING Heroism.
  4628 | D:6      | Noticed a human
  4628 | D:6      | Noticed a human
  4629 | D:6      | Noticed a human
  4631 | D:6      | Noticed a human
  4633 | D:6      | Noticed a human
  4640 | D:6      | Killed a human
  4641 | D:6      | Reached skill level 8 in Ranged Weapons
  4641 | D:6      | 4641 ||| INVOKING Heroism.
  4641 | D:6      | HP: 11/59 [human/+0 club (4)]
  4642 | D:6      | 4642 ||| READING scroll of teleportation.
  4643 | D:6      | 4643 ||| INVOKING Heroism.
  4644 | D:6      | HP: 4/59 [human/+0 mace (4)]
  4659 | D:6      | 4659 ||| FLEEEEING.
  4660 | D:6      | 4660 ||| FLEEEEING.
  4665 | D:6      | 4665 ||| FLEEEEING.
  4667 | D:6      | 4667 ||| STAIRDANCE
  4843 | D:6      | 4843 ||| STAIRDANCE
  4852 | D:5      | HP: 11/59 [human/+0 mace (6)]
  4855 | D:5      | HP: 5/59 [human/+0 mace (6)]
  4856 | D:5      | HP: 1/59 [human/+0 mace (5)]
  4859 | D:5      | Killed a human
  5102 | D:6      | Reached XP level 8. HP: 50/68 MP: 8/8
  5213 | D:6      | 5213 ||| INVOKING Heroism.
  5223 | D:6      | HP: 16/68 [human/+0 mace (5)]
  5225 | D:6      | Reached skill level 9 in Ranged Weapons
  5225 | D:6      | Reached skill level 3 in Invocations
  5229 | D:6      | HP: 10/68 [human/+0 mace (5)]
  5231 | D:6      | 5231 ||| INVOKING Heroism.
  5233 | D:6      | Slain by a human

Levels and vault maps discovered:
D:1:      mrwooster_arrival_statue_3, layout_basic, serial_corexii_hall,
          corexii_hall_statues_s, corexii_hall_statues_u,
          chequers_hall_statues_wall_a, chequers_hall_statues_y, serial_shops,
          nicolae_shop_real_fake_doors
D:2:      wad_pebble_path, layout_loops_corners,
          shapermc_ecumenical_altar_hornbeckon, grunt_decor_mini_mirrors
D:3:      layout_basic, marbit_many_paths, mainiacjoe_overflow_surrounded_room,
          nicolae_gozag_cash_rules_everything_around_me
D:4:      layout_basic, palyth_temple_overflow_mages,
          mainiacjoe_overflow_catwalk,
          mainiacjoe_overflow_concentric_impassable, minmay_misc_feat_x,
          grunt_decor_arrowhead, uniq_blork_the_orc, uniq_ijyb
D:5:      layout_rooms, mainiacjoe_overflow_alcove_4
D:6:      layout_rooms, minmay_temple_entry_ruins, minmay_ruffians

Skill      XL: |  1  2  3  4  5  6  7  8 |
---------------+-------------------------+-----
Ranged Weapons | 3 4 5 6 7 8 9 |  9.1
Fighting       | 2 3 4 5 |  5.3
Armour         | 1 2 |  2.9
Invocations    | 1 3 |  3.3
Dodging        | |  2.1
Spellcasting   | |  1.0
Hexes          | |  2.0

Action                     |  1- 3 |  4- 6 |  7- 9 || total
---------------------------+-------+-------+-------++-------
   Fire: Sling             |    96 |   191 |   118 ||   405
 Invoke: Heroism           |       |       |     5 ||     5
    Use: Scroll            |     9 |     6 |     1 ||    16
         Potion            |     4 |     2 |       ||     6
 Armour: Robe              |     2 |       |       ||     2
         Ring mail         |    12 |    38 |    24 ||    74
  Dodge: Dodged            |    13 |    76 |    54 ||   143

Table legend:
 A = Non-vault XP
 B = Vault XP
 C = Vault XP percentage of total XP
 D = Non-vault monster count
 E = Vault monster count
 F = Vault count percentage of total count
                 A         B        C        D         E       F
            +---------+---------+-------+---------+---------+-------
      Total |     893 |    1027 |  53.5 |      88 |      10 |  10.2
            +---------+---------+-------+---------+---------+-------
        D:1 |      32 |       0 |   0.0 |      20 |       0 |   0.0
        D:2 |      39 |       0 |   0.0 |      15 |       0 |   0.0
        D:3 |      89 |      14 |  13.6 |      14 |       1 |   6.7
        D:4 |     191 |     230 |  54.6 |      23 |       5 |  17.9
        D:5 |     217 |     202 |  48.2 |       3 |       1 |  25.0
        D:6 |     325 |     581 |  64.1 |      13 |       3 |  18.8
            +---------+---------+-------+---------+---------+-------
